 Dungeon Crawl Stone Soup version 0.19.0-11-g3fc08b3 (console) character file.

13558 Kloppie the Carver (level 11, 0/92 HPs)
             Began as a Demonspawn Berserker on Nov 8, 2016.
             Was a High Priest of Trog.
             Succumbed to a spiny frog's poison
             ... on level 2 of the Lair of Beasts.
             The game lasted 00:17:45 (11709 turns).

Kloppie the Carver (Demonspawn Berserker)          Turns: 11709, Time: 00:17:46

Health: 0/92       AC: 18    Str: 17    XL:     11   Next: 77%
Magic:  5/11       EV: 17    Int: 10    God:    Trog [*****.]
Gold:   621        SH:  6    Dex: 20    Spells: 0 memorised, 10 levels left

rFire  + . .     SeeInvis .     a - +1 falchion (slice)
rCold  + + .     Gourm    .     y - +3 leather armour "Jipluef" {rF+ rC+ MR+ Stlth-}
rNeg   + . .     Faith    .     i - +0 buckler {AC+3}
rPois  .         Spirit   +     (no helmet)
rElec  .         Reflect  .     q - +1 cloak
rCorr  .         Harm     .     B - +0 pair of gloves
MR     +....                    g - +1 pair of boots
Stlth  ++........               M - amulet of guardian spirit
                                A - ring of protection from cold
                                k - ring of positive energy

@: agile, lethally poisoned (0 -> -7), exhausted, slowed, very slow
A: slimy green scales 1, powered by pain 2, spiny 2
a: Berserk, Trog's Hand, Brothers in Arms, Burn Spellbooks, Renounce Religion


You were on level 2 of the Lair of Beasts.
You worshipped Trog.
Trog was extremely pleased with you.
You were not hungry.

You visited 2 branches of the dungeon, and saw 14 of its levels.

You collected 726 gold pieces.
You spent 105 gold pieces at shops.

Inventory:

Hand Weapons
 a - a +1 falchion of slicing (weapon)
 b - a +0 rapier
 r - a +0 scimitar
Armour
 g - a +1 pair of boots (worn)
 i - a +0 buckler of protection (worn)
 q - a +1 cloak (worn)
 y - the +3 leather armour "Jipluef" (worn) {rF+ rC+ MR+ Stlth-}
   (You found it on level 6 of the Dungeon)

   It protects you from fire.
   It protects you from cold.
   It affects your resistance to hostile enchantments.
   It makes you less stealthy.
 B - a +0 pair of gloves (worn)
Jewellery
 k - a ring of positive energy (left hand)
 o - an uncursed ring of fire
 A - a ring of protection from cold (right hand)
 M - an amulet of guardian spirit (around neck)
Wands
 f - a wand of flame (11/48)
 j - a wand of digging (9/24)
 I - a wand of disintegration (24/24)
Scrolls
 e - 4 scrolls of remove curse
 m - 2 scrolls of silence
 H - 2 scrolls of recharging
 K - 4 scrolls of identify
 O - 2 scrolls of enchant armour
Potions
 n - a potion of lignification
 t - 2 potions of magic
 u - a potion of agility
 w - 3 potions of curing
 C - 4 potions of heal wounds {unknown}
 D - 3 potions of cure mutation {unknown}
 E - 2 potions of haste {unknown}
 F - a potion of might {unknown}
Miscellaneous
 G - a sack of spiders
Comestibles
 c - 9 bread rations
 d - 6 chunks of flesh
 h - 3 slices of pizza
 l - 7 meat rations
 s - 41 fruits
 x - 4 beef jerkies


   Skills:
 - Level 10.8 Fighting
 + Level 12.1 Long Blades
 + Level 7.7 Armour
 - Level 1.7 Dodging
 - Level 4.0 Shields


You had 10 spell levels left.
You didn't know any spells.

Dungeon Overview and Level Annotations

Branches:
Dungeon (12/15)            Temple (0/1) D:4            Lair (2/6) D:9
    Orc (0/2) D:9
  Swamp: Lair:2-4    Shoals: Lair:2-4     Snake: Lair:2-4    Spider: Lair:2-4

Altars:
Cheibriados
Dithmenos
Elyvilon
Fedhas
Okawaru
Qazlal
Yredelemnul

Shops:
D:5 *   D:8 *   D:11 =

Annotations:
D:11 Quirk's ghost, journeyman GrFi


Innate Abilities, Weirdness & Mutations

You are partially covered in slimy green scales. (AC +2)
You sometimes gain power by taking damage.
You are mostly covered in sharp spines.


Message History

d - 7 chunks of flesh (gained 3)
You feel sick.
You are no longer berserk.
You are exhausted.
You feel yourself slow down.
You feel sick.
* * * LOW HITPOINT WARNING * * *
You feel very sick.
* * * LOW HITPOINT WARNING * * *
You feel very sick.
* * * LOW HITPOINT WARNING * * *
You feel very sick.
Eating one of 7 chunks of flesh.
You start eating one of the 7 chunks of flesh.
You feel the effects of Trog's Hand fading.
You feel sick.
This raw flesh tastes terrible.
You start resting.
You feel sick. x3
Your skin stops crawling.
You feel less resistant to hostile enchantments.
You die...

##...###.#..
#..........
#........#
##......##
#......##
#.......#
##......##
##.......##
#@......(...
###....PP.#..
#...P......
##...#......
#........P..
##...#.....
#.........
##...#.....
#..........


There were no monsters in sight!

Vanquished Creatures
  A hydra (Lair:1)
  The ghost of Millan the Cleaver, a novice MiFi of Ashenzari (D:9)
  A tengu warrior (D:9)
  Pikel (D:7)
  3 spiny frogs
  3 komodo dragons (Lair:1)
  A troll (D:10)
  4 hippogriffs
  Sigmund (D:6)
  21 yaks
  Eustachio (D:6)
  A wyvern (D:9)
  The ghost of Kloppie the Slasher, an amateur DsBe of Trog (D:4)
  Menkaure (D:7)
  8 water moccasins
  2 porcupines (Lair:2)
  2 sky beasts
  A swamp drake (D:9)
  An ice beast (D:8)
  4 orc warriors
  2 black bears
  A phantom (D:8)
  An ogre (D:6)
  A necrophage (D:11)
  3 wolves (Lair:2)
  A centaur (D:9)
  4 crocodiles
  A big kobold (D:8)
  Blork the orc (D:6)
  6 bullfrogs
  A wyvern zombie (D:10)
  6 scorpions
  3 crimson imps
  A centaur zombie (D:9)
  5 hounds
  4 jellies
  Crazy Yiuf (D:3)
  10 orc priests
  2 iguanas
  11 orc wizards
  3 worker ants
  A hound zombie (D:10)
  A worker ant zombie (D:7)
  A howler monkey zombie (D:8)
  7 adders
  3 river rats (D:9)
  4 shadow imps (D:8)
  2 oozes
  An adder zombie (D:5)
  An adder skeleton (D:7)
  2 worms
  2 dart slugs (D:1)
  6 leopard geckos
  24 orcs
  A ball python (D:8)
  7 giant cockroaches
  5 goblins
  5 hobgoblins
  8 kobolds
  4 quokkas
  16 bats
  2 frilled lizards (D:2)
  2 leopard gecko skeletons
  16 rats
248 creatures vanquished.

Vanquished Creatures (others)
  3 slaves (D:7)
  An orc priest (D:7)
  An orc wizard (D:7)
  5 orcs
  5 fungi (D:9)
  4 toadstools (D:1)
19 creatures vanquished.

Grand Total: 267 creatures vanquished

Notes
Turn   | Place    | Note
-------+----------+-------------------------------------------
     0 | D:1      | Kloppie the Demonspawn Berserker began the quest for the Orb.
     0 | D:1      | Reached XP level 1. HP: 18/18 MP: 1/1
   305 | D:1      | Gained mutation: You sometimes gain a little power by taking damage. [demonic ancestry]
   305 | D:1      | Reached XP level 2. HP: 24/24 MP: 2/2
   332 | D:1      | Reached skill level 3 in Long Blades
   535 | D:1      | Gained mutation: You are partially covered in slimy green scales. (AC +2) [demonic ancestry]
   535 | D:1      | Reached XP level 3. HP: 25/30 MP: 3/3
  1464 | D:2      | Reached ** piety under Trog
  1617 | D:2      | Reached skill level 1 in Shields
  1617 | D:2      | Reached XP level 4. HP: 34/37 MP: 4/4
  2030 | D:3      | Found a blossoming altar of Fedhas.
  2237 | D:3      | Found a runed door.
  2961 | D:3      | Noticed Crazy Yiuf
  2970 | D:3      | Killed Crazy Yiuf
  2970 | D:3      | Reached XP level 5. HP: 42/42 MP: 5/5
  3182 | D:4      | Reached skill level 4 in Long Blades
  3336 | D:4      | Noticed Kloppie's ghost (amateur DsBe)
  3368 | D:4      | Killed Kloppie's ghost
  3368 | D:4      | Gained mutation: You sometimes gain power by taking damage. [demonic ancestry]
  3368 | D:4      | Reached XP level 6. HP: 48/50 MP: 6/6
  3526 | D:4      | Found a staircase to the Ecumenical Temple.
  3874 | D:5      | Entered Level 5 of the Dungeon
  3920 | D:5      | Reached skill level 5 in Fighting
  4086 | D:5      | Found Godiq's General Store.
  4104 | D:5      | Gained mutation: You are partially covered in sharp spines. [demonic ancestry]
  4104 | D:5      | Reached XP level 7. HP: 34/56 MP: 7/7
  4268 | D:5      | Bought a potion of curing for 45 gold pieces
  4268 | D:5      | Bought a scroll of remove curse for 45 gold pieces
  4268 | D:5      | Bought a scroll of random uselessness for 15 gold pieces
  4476 | D:5      | Found a basalt altar of Yredelemnul.
  4511 | D:5      | Reached skill level 5 in Long Blades
  4728 | D:6      | Found a shadowy altar of Dithmenos.
  4728 | D:6      | Noticed Sigmund
  4743 | D:6      | Killed Sigmund
  4743 | D:6      | Reached *** piety under Trog
  4743 | D:6      | Reached XP level 8. HP: 50/65 MP: 8/8
  5002 | D:6      | Noticed Eustachio
  5060 | D:6      | Killed Eustachio
  5060 | D:6      | Reached skill level 6 in Long Blades
  5160 | D:6      | Got an ichor-stained leather armour
  5171 | D:6      | Identified the +3 leather armour "Jipluef" {rF+ rC+ MR+ Stlth-} (You found it on level 6 of the Dungeon)
  5299 | D:6      | Noticed Blork the orc
  5310 | D:6      | Killed Blork the orc
  5729 | D:7      | Reached skill level 7 in Long Blades
  5816 | D:7      | Noticed Menkaure
  5823 | D:7      | Killed Menkaure
  6031 | D:7      | Noticed Pikel
  6050 | D:7      | Noticed a hippogriff
  6061 | D:7      | Killed Pikel
  6061 | D:7      | Gained mutation: You are mostly covered in sharp spines. [demonic ancestry]
  6061 | D:7      | Reached XP level 9. HP: 31/75 MP: 9/9
  6086 | D:7      | Reached skill level 8 in Long Blades
  6578 | D:8      | Found a stormy altar of Qazlal.
  6598 | D:8      | Reached **** piety under Trog
  6764 | D:8      | Found Eqidota's Serpentskin Sales.
  6862 | D:8      | Found a white marble altar of Elyvilon.
  6971 | D:9      | Found an iron altar of Okawaru.
  7018 | D:9      | Noticed a tengu warrior
  7043 | D:9      | Killed a tengu warrior
  7045 | D:9      | Reached skill level 10 in Fighting
  7045 | D:9      | Reached skill level 9 in Long Blades
  7180 | D:9      | Noticed Millan's ghost (novice MiFi)
  7202 | D:9      | Killed Millan's ghost
  7202 | D:9      | Reached XP level 10. HP: 36/86 MP: 10/10
  7524 | D:9      | Found a staircase to the Lair.
  7797 | D:9      | Found a staircase to the Orcish Mines.
  7801 | D:9      | Reached ***** piety under Trog
  8078 | D:9      | Found a blossoming altar of Fedhas.
  8078 | D:9      | Found a snail-covered altar of Cheibriados.
  8159 | D:10     | Entered Level 10 of the Dungeon
  8467 | D:10     | Reached skill level 10 in Long Blades
  8820 | D:10     | You fall through a shaft for 2 floors!
  8849 | D:12     | Noticed a hill giant
  9098 | D:11     | Found Urub's Jewellery Shop.
  9105 | D:11     | Noticed Quirk's ghost (journeyman GrFi)
  9121 | D:11     | Noticed a seven-headed hydra
  9503 | Lair:1   | Entered Level 1 of the Lair of Beasts
  9558 | Lair:1   | Noticed a spiny frog
  9572 | Lair:1   | Killed a spiny frog
  9626 | Lair:1   | Reached XP level 11. HP: 59/92 MP: 9/11
  9632 | Lair:1   | Reached skill level 5 in Armour
  9649 | Lair:1   | Reached skill level 11 in Long Blades
 10500 | Lair:1   | Noticed a five-headed hydra
 10521 | Lair:1   | Killed an eight-headed hydra
 11650 | Lair:2   | Reached skill level 12 in Long Blades
 11702 | Lair:2   | HP: 4/92 [poisoned by a spiny frog]
 11704 | Lair:2   | HP: 1/92 [poisoned by a spiny frog]
 11709 | Lair:2   | Succumbed to a spiny frog's poison

Skill      XL: |  1  2  3  4  5  6  7  8  9 10 11 |
---------------+----------------------------------+-----
Long Blades    | 3 4 5 7 9 10 12 | 12.1
Fighting       | 4 5 6 8 10 | 10.8
Shields        | 1 2 3 4 |  4.0
Armour         | 4 7 |  7.7
Dodging        | |  1.7

Action                   |  1- 3 |  4- 6 |  7- 9 | 10-12 || total
-------------------------+-------+-------+-------+-------++-------
Melee: Falchion          |   124 |   178 |   341 |   457 ||  1100
Invok: Berserk           |     2 |     4 |     7 |     9 ||    22
       Trog's Hand       |       |     1 |     2 |     2 ||     5
       Brothers in Arms  |       |       |       |     1 ||     1
Evoke: Wand              |       |       |       |     6 ||     6
  Use: Scroll            |       |       |    13 |     4 ||    17
       Potion            |       |       |       |     2 ||     2
 Stab: Invisible         |       |       |       |     2 ||     2
       Confused          |       |       |       |     1 ||     1
  Eat: Chunk             |     3 |    11 |    15 |    15 ||    44
       Meat ration       |       |     1 |       |     2 ||     3
Armor: Animal skin       |     3 |       |       |       ||     3
       Ring mail         |    66 |    15 |       |       ||    81
       Chain mail        |       |    66 |    64 |       ||   130
       Leather armour    |       |       |    65 |   154 ||   219
Dodge: Dodged            |    83 |    70 |   113 |   186 ||   452
Block: Buckler           |     7 |    24 |    68 |    80 ||   179
       Rpst.: Falchion   |    21 |    18 |    33 |    51 ||   123
